 Dungeon Crawl Stone Soup version 0.29-a0-233-g1125b37a9b (webtiles) character file.

Game seed: 4361698979214758012

3257 PaleWalker the Basher (level 10, -1/99 HPs)
             Began as a Gargoyle Fighter on Mar 2, 2022.
             Was a Priest of Elyvilon.
             Slain by a killer bee (3 damage)
             ... on level 7 of the Dungeon.
             The game lasted 00:19:04 (6890 turns).

PaleWalker the Basher (Gargoyle Fighter)            Turns: 6890, Time: 00:19:05

Health: -1/99      AC: 20    Str: 24    XL:     10   Next: 0%
Magic:  10/12      EV:  7    Int:  9    God:    Elyvilon [***...]
Gold:   315        SH:  5    Dex:  9    Spells: 9/9 levels left

rFire   + . .      SeeInvis .   a - +0 flail
rCold   + . .      Faith    +   c - +0 buckler
rNeg    + . .      Spirit   .   i - +0 chain mail
rPois   ∞          Reflect  .   b - +0 helmet
rElec   +          Harm     .   u - scarf {rC+ rF+}
rCorr   .          Rampage  .   g - +2 pair of gloves
Will    .....                   (no boots)
Stlth   ..........              x - amulet of faith
HPRegen 0.26/turn               y - ring of flight
MPRegen 0.13/turn               (no ring)

@: berserking, flying, very quick
A: sickness immunity, AC +7, negative energy resistance 1, electricity
resistance, torment resistance 1, petrification resistance
a: Renounce Religion, Purification, Heal Other, Heal Self


You were on level 7 of the Dungeon.
You worshipped Elyvilon.
Elyvilon was most pleased with you.
You visited 1 branch of the dungeon, and saw 7 of its levels.

You collected 315 gold pieces.

Inventory:

Hand Weapons
 a - a +0 flail (weapon)
Armour
 b - a +0 helmet (worn)
 c - a +0 buckler (worn)
 g - a +2 pair of gloves (worn)
 i - a +0 chain mail (worn)
 u - a scarf of resistance (worn)
Jewellery
 x - an amulet of faith (around neck)
 y - a ring of flight (left hand)
Wands
 d - a wand of iceblast (3)
Scrolls
 f - 2 scrolls of enchant armour {unknown}
 h - 4 scrolls of teleportation {unknown}
 j - a scroll of acquirement {unknown}
 k - 2 scrolls of noise
 l - a scroll of amnesia {unknown}
 m - a scroll of fear {unknown}
 n - a scroll of holy word {unknown}
 r - a scroll of enchant weapon {unknown}
 t - a scroll of magic mapping
 v - a scroll of brand weapon
 w - 3 scrolls of vulnerability {unknown}
Potions
 e - 3 potions of attraction
 o - 2 potions of might
 p - a potion of lignification
 s - 3 potions of brilliance


   Skills:
 + Level 9.1 Fighting
 * Level 9.3 Maces & Flails
 - Level 3.2 Armour
 - Level 7.5 Shields
 - Level 3.1 Invocations


You had 9 spell levels left.
You didn't know any spells.
Your spell library contained the following spells:

 Spells                   Type           Power      Damage    Failure   Level
 Beastly Appendage        Tmut           0%         N/A       98%         1
 Blink                    Tloc           0%         N/A       99%         2
 Corpse Rot               Necr/Air       0%         N/A       99%         2
 Ensorcelled Hibernation  Hex/Ice        0%         N/A       99%         2
 Passwall                 Tmut/Erth      0%         N/A       99%         2
 Poisonous Vapours        Pois/Air       0%         N/A       99%         2
 Wereblood                Tmut           0%         N/A       99%         2
 Frozen Ramparts          Ice            0%         1d2       100%        3
 Lesser Beckoning         Tloc           0%         N/A       100%        3
 Portal Projectile        Hex/Tloc       0%         N/A       100%        3
 Spider Form              Tmut/Pois      0%         N/A       100%        3
 Stone Arrow              Conj/Erth      0%         3d7       100%        3
 Swiftness                Air            0%         N/A       100%        3
 Airstrike                Air            0%         N/A       100%        4
 Animate Armour           Summ/Erth      0%         N/A       100%        4
 Ice Form                 Ice/Tmut       0%         N/A       100%        4
 Summon Ice Beast         Ice/Summ       0%         N/A       100%        4
 Summon Lightning Spire   Summ/Air       0%         N/A       100%        4
 Blade Hands              Tmut           0%         N/A       100%        5
 Excruciating Wounds      Necr           0%         N/A       100%        5
 Lightning Bolt           Conj/Air       0%         1d11      100%        5
 Manifold Assault         Tloc           0%         N/A       100%        5
 Lehudib's Crystal Spear  Conj/Erth      0%         10d2      100%        8


Dungeon Overview and Level Annotations

Branches:
Dungeon (7/15)             Temple (0/1) D:6

Altars:
Elyvilon
Sif Muna
Vehumet


Innate Abilities, Weirdness & Mutations

You are immune to sickness and miasma.
Your stone body is resilient. (AC +7)
You are immune to poison.
You resist negative energy. (rN+)
You are resistant to electric shocks. (rElec)
You are resistant to unholy torment.
You are immune to petrification.


Message History

The wyvern bites you but does no damage.
You block the killer bee's attack.
The killer bee stings you but does no damage.
You hit the wyvern.
The wyvern is severely wounded.
The killer bee stings you but does no damage.
The killer bee closely misses you. The killer bee barely misses you.
You block the killer bee's attack.
The killer bee stings you but does no damage.
The wyvern bites you but does no damage.
The killer bee barely misses you.
The killer bee stings you but does no damage.
You barely miss the wyvern.
The wyvern is severely wounded.
You block the killer bee's attack.
The killer bee stings you but does no damage. x3
The wyvern bites you!
* * * LOW HITPOINT WARNING * * *
You block the killer bee's attack. x2
You bludgeon the wyvern!!
You kill the wyvern!
The killer bee completely misses you.
The killer bee stings you but does no damage.
The killer bee stings you.
* * * LOW HITPOINT WARNING * * *
The killer bee stings you but does no damage.
You block the killer bee's attack.
The killer bee stings you but does no damage.
The killer bee stings you.
* * * LOW HITPOINT WARNING * * *
The killer bee stings you but does no damage.
Your Fighting skill increases to level 9!
You bludgeon the killer bee!!
You kill the killer bee!
You block the killer bee's attack.
The killer bee stings you but does no damage.
The killer bee barely misses you. The killer bee closely misses you.
You have reached level 10!
You barely miss the killer bee. The killer bee stings you.
You die...

...... .##....
...... .#...# ###
......###...#
...#
.....#.....##...#
#..........)#
#...........#
#..>.y.....#
#.().yy..###
#..##..## .. #..#


You could see 5 killer bees.

Vanquished Creatures
  A two-headed ogre (D:5)
  The ghost of fabreeze the Covert, a novice OpSu (D:6)
  Maggie (D:7)
  Grinder (D:4)
  Sigmund (D:2)
  A wyvern (D:7)
  A steam dragon (D:6)
  2 sky beasts
  2 ice beasts (D:6)
  2 black bears
  A necrophage (D:7)
  A killer bee (D:7)
  5 jellies
  3 hounds (D:5)
  2 orc priests (D:5)
  2 iguanas
  Ijyb (D:3)
  Terence (D:3)
  6 adders
  A white imp (D:6)
  A worm (D:1)
  5 dart slugs
  13 orcs
  17 endoplasms
  2 giant cockroaches
  6 goblins
  3 hobgoblins
  9 jackals
  11 kobolds
  2 quokkas (D:2)
  3 ball pythons
  3 bats
  5 frilled lizards
  5 rats
121 creatures vanquished.

Vanquished Creatures (others)
  6 fungi (D:2)
  7 plants (D:1)
  5 toadstools (D:2)
  13 withered plants (D:1)
31 creatures vanquished.

Grand Total: 152 creatures vanquished

Notes
Turn   | Place    | Note
-------+----------+-------------------------------------------
     0 | D:1      | PaleWalker the Gargoyle Fighter began the quest for the
                  | Orb.
     0 | D:1      | Reached XP level 1. HP: 14/14 MP: 1/1
   215 | D:1      | Found a faded altar of an unknown god.
   226 | D:1      | Reached XP level 2. HP: 15/19 MP: 2/2
   257 | D:1      | Prayed at the altar of an unknown god.
   257 | D:1      | Became a worshipper of Vehumet
   257 | D:1      | Reached * piety under Vehumet
   257 | D:1      | Offered knowledge of Shock by Vehumet.
  1175 | D:2      | Reached XP level 3. HP: 24/24 MP: 3/3
  1239 | D:2      | Reached ** piety under Vehumet
  1239 | D:2      | Offered knowledge of Foxfire by Vehumet.
  1473 | D:2      | Reached XP level 4. HP: 19/29 MP: 4/4
  1888 | D:3      | Reached XP level 5. HP: 26/34 MP: 5/5
  2229 | D:2      | Noticed Sigmund
  2238 | D:2      | Offered knowledge of Scorch by Vehumet.
  2244 | D:2      | Killed Sigmund
  2245 | D:2      | Reached skill level 5 in Fighting
  2245 | D:2      | Reached skill level 5 in Maces & Flails
  2245 | D:2      | Reached XP level 6. HP: 28/40 MP: 6/6
  2670 | D:3      | Noticed a sky beast
  2701 | D:3      | Killed a sky beast
  2702 | D:3      | Reached XP level 7. HP: 34/44 MP: 7/7
  2791 | D:3      | Found a shimmering blue altar of Sif Muna.
  2834 | D:3      | Noticed Terence
  2842 | D:3      | Killed Terence
  2944 | D:3      | Reached *** piety under Vehumet
  3028 | D:3      | Noticed Ijyb
  3044 | D:3      | Killed Ijyb
  3483 | D:4      | Noticed Grinder
  3487 | D:4      | Paralysed by Grinder for 7 turns
  3503 | D:4      | Paralysed by Grinder for 6 turns
  3514 | D:4      | Paralysed by Grinder for 5 turns
  3523 | D:4      | Killed Grinder
  3666 | D:4      | Found a white marble altar of Elyvilon.
  3696 | D:4      | Fell from the grace of Vehumet
  3696 | D:4      | Became a worshipper of Elyvilon the Healer
  4034 | D:4      | Reached XP level 8. HP: 50/52 MP: 8/8
  4235 | D:5      | Entered Level 5 of the Dungeon
  4567 | D:5      | Reached * piety under Elyvilon
  4681 | D:5      | Noticed a two-headed ogre
  4685 | D:5      | Killed a two-headed ogre
  5058 | D:6      | Reached ** piety under Elyvilon
  5100 | D:6      | Reached XP level 9. HP: 54/59 MP: 9/9
  5519 | D:6      | Found a staircase to the Ecumenical Temple.
  5679 | D:6      | Found a large runed translucent door.
  5679 | D:6      | Found a large runed translucent door.
  5683 | D:6      | Noticed fabreeze's ghost (novice OpSu)
  5698 | D:6      | Killed fabreeze's ghost
  6289 | D:6      | Reached *** piety under Elyvilon
  6432 | D:6      | HP: 1/60 [divine wrath (27)]
  6735 | D:7      | Noticed Maggie
  6749 | D:7      | Killed Maggie
  6888 | D:7      | HP: 4/90 [killer bee (6)]
  6888 | D:7      | HP: 1/90 [killer bee (3)]
  6890 | D:7      | Reached XP level 10. HP: 2/66 MP: 10/12
  6890 | D:7      | Slain by a killer bee

Illustrated notes

Levels and vault maps discovered:
D:1:      minmay_arrival_up_and_down, layout_basic,
          shapermc_ecumenical_altar_flowoftime, minmay_misc_feat_chi
D:2:      cheibrodos_fertilizer, layout_rooms, uniq_sigmund
D:3:      layout_basic, nicolae_sif_muna_condensation, uniq_ijyb, uniq_terence
D:4:      layout_rooms, elyvilon_altar_5, uniq_grinder
D:5:      layout_basic, corexii_checkpoint_a
D:6:      layout_layer_cave, minmay_temple_entry_statues_pillars,
          ebering_ghost_disaster_area
D:7:      layout_cave_pools, serial_shops, nicolae_diamond_shop,
          kennysheep_dice, uniq_maggie

Skill      XL: |  1  2  3  4  5  6  7  8  9 |
---------------+----------------------------+-----
Maces & Flails | 3 4 5 6 7 9 |  9.3
Fighting       | 4 5 6 7 9 |  9.1
Shields        | 6 7 |  7.5
Invocations    | 3 |  3.1
Armour         | |  3.2

Action                   |  1- 3 |  4- 6 |  7- 9 | 10-12 || total
-------------------------+-------+-------+-------+-------++-------
Melee: Flail             |   115 |    98 |   259 |     1 ||   473
Invok: Heal Self         |       |       |     1 |       ||     1
Evoke: Wand              |       |       |     8 |       ||     8
  Use: Potion            |       |     1 |     8 |       ||     9
       Scroll            |       |       |     6 |       ||     6
Armor: Chain mail        |    67 |    66 |   234 |       ||   367
       Skin              |       |       |     3 |       ||     3
Dodge: Dodged            |    33 |    34 |   101 |       ||   168
Block: Buckler           |    16 |    20 |    84 |       ||   120

Table legend: (Time is in decaauts)
 A = Elapsed time spent in this place.
 B = Non-inter-level travel time spent in this place.
 C = Inter-level travel time spent in this place.
 D = Time resting spent in this place.
 E = Time spent auto-exploring this place.
 F = Levels seen in this place.
 G = Mean time per level.
                   A        B        C        D        E       F      G
               +--------+--------+--------+--------+--------+-----+--------+
         Total |   6964 |   6828 |    136 |   1247 |   4288 |   7 |  994.9 |
       Dungeon |   6964 |   6828 |    136 |   1247 |   4288 |   7 |  994.9 |
               +--------+--------+--------+--------+--------+-----+--------+

Top non-repeatable levels by time:
     D:6: 1663 daAuts
     D:2: 1394 daAuts
     D:3: 1128 daAuts
     D:1: 1035 daAuts
     D:5: 845 daAuts
     D:4: 745 daAuts
     D:7: 152 daAuts
